 Dungeon Crawl Stone Soup version 0.16-a0-3708-g05dc7d7 (webtiles) character file.

36 grisnicke the Firebug (level 3, -3/26 HPs)
             Began as a Human Wanderer on Jan 19, 2015.
             Slain by a goblin (5 damage)
             ... led by Robin
             ... on level 2 of the Dungeon.
             The game lasted 00:06:39 (1217 turns).

grisnicke the Firebug (Human Wanderer)              Turns: 1217, Time: 00:06:40

Health: -3/26      AC:  3    Str: 12    XL:     3   Next: 57%
Magic:  0/4        EV: 10    Int: 11    God:
Gold:   57         SH:  0    Dex: 14    Spells: 2 memorised, 1 level left

rFire  . . .     SeeInvis .       - Unarmed
rCold  . . .     Clarity  .     n - +0 leather armour
rNeg   . . .     SustAb   .     (no shield)
rPois  .         Gourm    .     (no helmet)
rElec  .         Spirit   .     (no cloak)
rCorr  .         Warding  .     (no gloves)
rMut   .         Stasis   .     (no boots)
MR     .....                    (no amulet)
Stlth  ++........               (no ring)
                                (no ring)

@: very slightly contaminated, not resistant to hostile enchantments, unstealthy
A: no striking features
a: no special abilities


You were on level 2 of the Dungeon.
You were not hungry.

You visited 1 branch of the dungeon, and saw 2 of its levels.

You collected 57 gold pieces.

Inventory:

Hand weapons
 b - a +0 short sword
 e - a +0 dagger
Missiles
 k - 22 stones (quivered)
Armour
 d - a +0 robe
 n - a +0 leather armour (worn)
Scrolls
 c - a scroll of teleportation
 i - a scroll of remove curse {unknown}
 j - a scroll of identify {unknown}
 l - a scroll of amnesia {unknown}
Potions
 m - a potion of heal wounds {unknown}
Books
 a - a book of Flames

   Spells                             Type                      Level
   a - Flame Tongue                   Conjuration/Fire             1
   b - Throw Flame                    Conjuration/Fire             2
   c - Conjure Flame                  Conjuration/Fire             3
   d - Inner Flame                    Hexes/Fire                   3
   e - Sticky Flame                   Conjuration/Fire             4
   f - Fireball                       Conjuration/Fire             5
Comestibles
 f - 2 bread rations
 g - 5 chunks of flesh
 h - 2 meat rations


   Skills:
 - Level 1.0 Fighting
 - Level 2.0 Stealth
 - Level 3.0 Unarmed Combat
 - Level 1.0 Spellcasting
 + Level 1.7 Conjurations
 - Level 3.1 Fire Magic
   Level 1.0 Evocations


You had one spell level left.
You knew the following spells:

 Your Spells              Type           Power        Failure   Level  Hunger
a - Flame Tongue          Conj/Fire      #....        17%         1    ##.....
b - Throw Flame           Conj/Fire      #.....       24%         2    ###....


Dungeon Overview and Level Annotations

Branches:
Dungeon (2/15)

Altars:
Nemelex Xobeh


Message History

You barely miss Robin.
Robin is almost dead.
The hobgoblin shouts!
The goblin hits you but does no damage.
The hobgoblin moves out of view.
You hit Robin but do no damage.
Robin is almost dead.
The goblin closely misses you.
Robin roars a battlecry!
The goblins go into a battle-frenzy!
Robin hits you with a falchion.
* * * LOW HITPOINT WARNING * * *
Casting: Flame Tongue
Confirm with . or Enter, or press ? or * to list all spells.
You don't have enough magic to cast that spell.
You hit Robin.
You kill Robin!
The goblin hits you.
* * * LOW HITPOINT WARNING * * *
You hit the goblin but do no damage. The goblin hits you.
You die...

g. #.# #g #.# # #.#
#.#.# #..#########(#.#
#.............
###..########.###.###
.##....(g...............
...............#g###.###
#.##...#.#####.#@# .
+...+...# #.#g#
#...##..# #.#)# #...
#..# #.#.# #...
#..###.#.### # # #
#..........#.#
#..###.#.#.#.#
...............+
####...##.#.#.#.#


You could see 2 goblins.

Vanquished Creatures
  Robin (D:2)
  2 giant geckos (D:1)
  A giant cockroach (D:1)
  5 goblins
  5 hobgoblins
  2 bats
  3 giant newts (D:1)
  2 kobolds (D:1)
  6 rats
27 creatures vanquished.

Notes
Turn   | Place    | Note
--------------------------------------------------------------
     0 | D:1      | grisnicke, the Human Wanderer, began the quest for the Orb.
     0 | D:1      | grisnicke set off with: a book of Flames, a +0 short sword, a scroll of teleportation, a +0 robe, a +0 dagger, a bread ration
     0 | D:1      | Reached XP level 1. HP: 15/15 MP: 2/2
     2 | D:1      | Learned a level 1 spell: Flame Tongue
   315 | D:1      | Reached XP level 2. HP: 21/21 MP: 0/3
   863 | D:1      | Learned a level 2 spell: Throw Flame
   966 | D:1      | Reached XP level 3. HP: 26/26 MP: 4/4
  1062 | D:2      | Reached skill level 1 in Conjurations
  1112 | D:2      | Found a sparkling altar of Nemelex Xobeh.
  1197 | D:2      | Noticed Robin
  1216 | D:2      | Killed Robin
  1217 | D:2      | Slain by a goblin

Action                   || total
-------------------------++-------
Melee: Unarmed           ||    54
Throw: Stone             ||     6
 Cast: Flame Tongue      ||    22
 Stab: Sleeping          ||     1
  Eat: Chunk             ||     2
